 Dungeon Crawl Stone Soup version 0.30-a0-1164-ge08a67761e (webtiles) character file.

Game seed: 6731716970025611959

1010 Querens the Magician (level 8, -14/41 HPs)
             Began as a Deep Elf Conjurer on Apr 29, 2023.
             Killed from afar by Maggie (23 damage)
             ... with a bolt of fire
             ... on level 6 of the Dungeon.
             The game lasted 00:18:16 (2989 turns).

Querens the Magician (Deep Elf Conjurer)            Turns: 2989, Time: 00:18:16

Health: -14/41     AC:  3    Str:  4    XL:     8   Next: 1%
Magic:  13/20      EV: 13    Int: 26    God:
Gold:   80         SH:  0    Dex: 13    Spells: 10/21 levels left

rFire   . . .        f - +0 dagger (venom)
rCold   . . .        (no shield)
rNeg    . . .        a - +0 robe
rPois   .            (no helmet)
rElec   .            s - +0 cloak
rCorr   .            (no gloves)
SInv    .            (no boots)
Will    .....        (no amulet)
Stlth   +++          (no ring)
HPRegen 0.26/turn    (no ring)
MPRegen 0.17/turn

%: no passive effects
@: no status effects
A: no striking features
a: no special abilities


You were on level 6 of the Dungeon.
You visited 1 branch of the dungeon, and saw 6 of its levels.
You also visited: Sewer.

You collected 375 gold pieces.
You spent 295 gold pieces at shops.

Inventory:

Hand Weapons
 f - a +0 dagger of venom (weapon)
Armour
 a - a +0 robe (worn)
 s - a +0 cloak (worn)
Magical Staves
 c - a staff of death
Jewellery
 l - an amulet of faith
 x - a ring of fire
Wands
 w - a wand of digging (5)
 y - a wand of polymorph (7)
Scrolls
 g - 2 scrolls of fog
 h - 6 scrolls of teleportation
 n - 3 scrolls of immolation {unknown}
 p - 3 scrolls of blinking {unknown}
 q - 3 scrolls of magic mapping
Potions
 b - a potion of magic
 d - 2 potions of flight
 e - 2 potions of ambrosia
 i - 5 potions of curing
 j - 3 potions of berserk rage
 k - 3 potions of mutation
 m - 3 potions of attraction
 o - a potion of might {unknown}
 r - a potion of lignification {unknown}
 t - a potion of heal wounds
 u - a potion of brilliance
 v - a potion of haste {unknown}


   Skills:
 - Level 3.9 Dodging
 - Level 4.1 Stealth
 + Level 7.3 Spellcasting
 + Level 7.2 Conjurations
 + Level 4.5 Translocations


You had 10 spell levels left.
You knew the following spells:

 Your Spells              Type           Power      Damage    Failure   Level
a - Magic Dart            Conj           100%       1d8       1%          1
b - Searing Ray           Conj           92%        2d7       1%          2
c - Iskenderun's Mystic   Conj/Tloc      39%        2d9       5%          4
d - Fulminant Prism       Conj/Hex       14%        3d8       14%         4

Your spell library contained the following spells:

 Spells                   Type           Power      Damage    Failure   Level
 Dazzling Flash           Conj/Hex       56%        N/A       4%          3
 Slow                     Hex            36%        N/A       6%          1
 Confusing Touch          Hex            9%         N/A       19%         3
 Vampiric Draining        Necr           9%         2d6       19%         3
 Agony                    Necr           9%         N/A       86%         5
 Silence                  Hex/Air        4%         N/A       86%         5


Dungeon Overview and Level Annotations

Branches:
Dungeon (6/15)              Sewer (visited)
 Temple: D:4-7

Altars:
Gozag
Okawaru
Yredelemnul

Shops:
D:4 *   D:6 *

Annotations:
D:3 Terence
D:5 Edmund
D:6 Maggie


Message History

Confirm with . or Enter, or press ? or * to list all spells.
You can't see any susceptible monsters within range! (Use Z to cast anyway.) Unknown command.
Unknown command.
Casting: Searing Ray (safe; 1% risk of failure)
Confirm with . or Enter, or press ? or * to list all spells.
Aiming: Magic Dart (safe; 1% risk of failure)
Press: ? - help, Shift-Dir - straight line, f - iguana
Aim: an iguana (100% to hit)
The magic dart hits the iguana.
The iguana is moderately wounded.
Maggie the Vainglorious comes into view.
She is wielding a +0 war axe.
Unknown command.
Casting: Magic Dart (safe; 1% risk of failure)
Confirm with . or Enter, or press ? or * to list all spells.
Aiming: Searing Ray (safe; 1% risk of failure)
Press: ? - help, Shift-Dir - straight line, f/p - iguana
Aim: an iguana (moderately wounded, 84% to hit)
The searing ray hits the iguana.
The iguana is heavily wounded. (Press . to maintain the ray.) Maggie shouts!
The searing ray hits the iguana.
The iguana is severely wounded.
The searing ray hits the iguana!
You kill the iguana!
The searing ray misses Maggie.
You have reached level 8!
You feel clever.
Unknown command.
The searing ray hits Maggie but does no damage.
You finish channelling your searing ray.
Maggie points at you and mumbles some strange words.
The bolt of fire hits you!!
Ouch! That really hurt!
* * * LOW HITPOINT WARNING * * *
Maggie points at you and mumbles some strange words.
The bolt of fire hits you!!
Ouch! That really hurt!
You die...

### #.#########
####.........#
..##.#######.# #.##.#
#.# ### #.##.# #.#
....###.##.#######.#
.......@##......##.# ###
..............#.##.# #..
#.<...s.......#.##.###..
###...........#.##.#....
.......@........##.#....
...#.#..#####.####.#....
##.#.#... .#.####.#....
. ...... ........'....
.###.## ........#....


You could see Maggie and a scorpion.

Vanquished Creatures
  Sigmund (D:5)
  A water moccasin (Sewer)
  An ice beast (D:4)
  A black bear (D:5)
  A scorpion (D:5)
  4 hounds
  3 jellies
  An iguana (D:6)
  Natasha (thrice) (D:3)
  2 orc wizards (D:6)
  4 adders
  2 worms
  2 dart slugs (D:5)
  14 orcs
  6 endoplasms
  6 giant cockroaches
  9 goblins
  4 hobgoblins
  3 jackals (D:3)
  A quokka (D:1)
  7 ball pythons
  12 bats
  3 frilled lizards
  8 kobolds
  10 rats
109 creatures vanquished.

Notes
Turn   | Place    | Note
-------+----------+-------------------------------------------
     0 | D:1      | Querens the Deep Elf Conjurer began the quest for the Orb.
     0 | D:1      | Reached XP level 1. HP: 10/10 MP: 6/6
   278 | D:1      | Reached XP level 2. HP: 15/15 MP: 8/8
   657 | D:2      | Learned a level 2 spell: Searing Ray
   741 | D:2      | Reached XP level 3. HP: 19/19 MP: 8/10
  1214 | D:3      | Reached skill level 5 in Conjurations
  1214 | D:3      | Reached XP level 4. HP: 24/24 MP: 4/12
  1225 | D:3      | Noticed Natasha
  1232 | D:3      | Killed Natasha
  1247 | D:3      | Noticed Terence
  1255 | D:3      | Noticed Natasha
  1276 | D:3      | Killed Natasha
  1277 | D:3      | Reached XP level 5. HP: 22/28 MP: 2/13
  1277 | D:3      | Noticed Natasha
  1505 | D:3      | Killed Natasha
  1540 | D:3      | Found an iron altar of Okawaru.
  1692 | D:4      | Learned a level 4 spell: Iskenderun's Mystic Blast
  1730 | D:4      | Found a basalt altar of Yredelemnul.
  1859 | D:4      | Found an opulent altar of Gozag.
  1976 | D:4      | Noticed an ice beast
  1984 | D:4      | Killed an ice beast
  1985 | D:4      | Reached skill level 5 in Spellcasting
  1985 | D:4      | Reached skill level 1 in Translocations
  1985 | D:4      | Reached XP level 6. HP: 8/32 MP: 2/15
  2006 | D:4      | Found Jiaxke's General Store.
  2012 | D:4      | Bought a scroll of vulnerability for 40 gold pieces
  2012 | D:4      | Bought a scroll of fog for 40 gold pieces
  2012 | D:4      | Bought a potion of heal wounds for 50 gold pieces
  2012 | D:4      | Bought a scroll of identify for 20 gold pieces
  2012 | D:4      | Bought a potion of brilliance for 40 gold pieces
  2351 | D:5      | Entered Level 5 of the Dungeon
  2493 | D:5      | Noticed Edmund
  2504 | D:5      | Learned a level 4 spell: Fulminant Prism
  2582 | D:5      | Reached XP level 7. HP: 23/36 MP: 7/18
  2711 | D:5      | Noticed Sigmund
  2717 | D:5      | Killed Sigmund
  2738 | D:6      | Found Goficiagec's General Store.
  2743 | D:6      | Bought a scroll of magic mapping for 105 gold pieces
  2825 | D:6      | Found a glowing drain.
  2841 | Sewer    | Entered a sewer
  2984 | D:6      | Noticed Maggie
  2988 | D:6      | Reached XP level 8. HP: 41/41 MP: 14/20
  2989 | D:6      | Killed from afar by Maggie

Illustrated notes

Levels and vault maps discovered:
D:1:      reono_arrival_mine, layout_loops_corners
D:2:      layout_loops_cross
D:3:      layout_rooms, mainiacjoe_overflow_boulevard,
          mainiacjoe_overflow_alcove_2, amcnicky_mini_corridor_feature,
          uniq_terence, uniq_natasha
D:4:      minmay_razor_zed, layout_loops_ring, mainiacjoe_overflow_24_doors,
          kennysheep_little_box, serial_shops, shop, serial_rivers,
          chequers_serial_rivers_marsh, chequers_serial_rivers_small_a,
          chequers_serial_rivers_micro_c, chequers_serial_rivers_room_b,
          chequers_serial_rivers_large_a, chequers_serial_rivers_micro_d,
          hangedman_abyss_or_decor_stabs
D:5:      layout_basic, grunt_ministairs_14, uniq_sigmund, uniq_edmund
D:6:      black_bear_nest_2, layout_basic, minmay_temple_entry_junction,
          gammafunk_ghost_gnarly_gnolls, portal_sewer_entry_b, serial_shops,
          nicolae_shop_just_a_little_nook, uniq_maggie

Skill      XL: |  1  2  3  4  5  6  7 |
---------------+----------------------+-----
Stealth        | 3 4 |  4.1
Dodging        | 3 |  3.9
Spellcasting   | 4 5 6 7 |  7.3
Conjurations   | 5 6 7 |  7.2
Translocations | 1 3 4 |  4.5

Action                     |  1- 3 |  4- 6 |  7- 9 || total
---------------------------+-------+-------+-------++-------
  Melee: Dagger            |    64 |    41 |    36 ||   141
         Punch             |     1 |       |     1 ||     2
   Cast: Magic Dart        |    32 |     7 |     2 ||    41
         Searing Ray       |     3 |    19 |     7 ||    29
         Iskenderun's Myst |       |     1 |       ||     1
    Use: Potion            |     1 |       |       ||     1
         Scroll            |       |       |     4 ||     4
   Stab: Sleeping          |     8 |     1 |     2 ||    11
 Armour: Robe              |    15 |     9 |    14 ||    38
  Dodge: Dodged            |    39 |    34 |    43 ||   116

Table legend: (Time is in decaauts)
 A = Elapsed time spent in this place.
 B = Non-inter-level travel time spent in this place.
 C = Inter-level travel time spent in this place.
 D = Time resting spent in this place.
 E = Time spent auto-exploring this place.
 F = Levels seen in this place.
 G = Mean time per level.
                   A        B        C        D        E       F      G
               +--------+--------+--------+--------+--------+-----+--------+
         Total |   3007 |   2783 |    224 |      0 |      0 |   7 |  429.6 |
       Dungeon |   2921 |   2697 |    224 |      0 |      0 |   6 |  486.8 |
         Sewer |     85 |     85 |      0 |      0 |      0 |   1 |   85.0 |
               +--------+--------+--------+--------+--------+-----+--------+

Top non-repeatable levels by time:
     D:4: 769 daAuts
     D:1: 639 daAuts
     D:2: 541 daAuts
     D:3: 430 daAuts
     D:5: 374 daAuts
     D:6: 166 daAuts
   Sewer: 85 daAuts
